Map: Disco Bloodbath LE

Players

Caerwyn - Winner!

  • Race: Terran Terran
  • Spawn Location: 9:00

tso

  • Race: Zerg Zerg
  • Spawn Location: 3:00

VOD

Have the link to the VOD?

Description

Time

  • Played on: Sept. 6, 2019, 1:34 p.m.
  • Length: 17:07
Show
View Real Time Build Order
Export as new Build Order

Caerwyn Terran - Winner!

Build Orders: Reaper Expand, Hellion Banshee, Mech 

Get SALT Encoding   

  12  0:00  SCV  
  13  0:13  SCV  
  14  0:17  Supply Depot  
  14  0:25  SCV  
  15  0:38  SCV  
  15  0:41  Barracks  
  16  0:43  Refinery  
  16  0:51  SCV  
  17  1:03  SCV  
  18  1:15  SCV  
  19  1:28  Orbital Command, Reaper  
  20  1:42  Command Center  
  20  1:50  Supply Depot  
  20  1:53  SCV  
  21  1:59  Marine  
  22  2:05  SCV  
  23  2:10  Factory  
  23  2:19  SCV  
  23  2:22  Barracks Reactor, Refinery  
  24  2:31  SCV  
  25  2:44  SCV  
  26  2:55  Orbital Command  
  26  2:56  Starport  
  26  3:01  SCV  
  26  3:04  Barracks Tech Lab  
  26  3:05  Hellion x2  
  31  3:13  SCV  
  31  3:16  Supply Depot  
  32  3:20  SCV  
  32  3:26  SCV  
  32  3:27  Hellion x2  
  38  3:32  SCV  
  39  3:39  SCV  
  40  3:44  Cloaking Field, Banshee  
  42  3:49  Hellion x2  
  42  3:53  SCV x2  
  48  3:57  Supply Depot  
  48  4:03  Armory  
  48  4:05  SCV  
  48  4:09  SCV  
  50  4:21  SCV, Hellion x2  
  55  4:24  Supply Depot  
  55  4:26  SCV  
  56  4:34  Banshee  
  59  4:39  Command Center  
  59  4:42  SCV x2  
  61  4:46  Supply Depot  
  61  4:50  Refinery x2  
  61  4:52  Barracks Tech Lab  
  61  4:58  SCV, Factory  
  62  5:00  Hellion x8  
  62  5:01  Factory  
  62  5:04  SCV  
  63  5:22  Hellion x2  
  67  5:31  SCV x2  
  69  5:36  Starport Reactor, Terran Vehicle And Ship Armor Level 1  
  69  5:39  Engineering Bay  
  69  5:43  SCV x2  
  71  5:52  Hellion x2  
  71  5:55  SCV x2  
  77  6:07  Siege Tank  
  77  6:08  Siege Tank  
  77  6:09  Smart Servos  
  77  6:10  Infernal Pre-Igniter  
  84  6:12  Orbital Command  
  84  6:17  SCV  
  84  6:18  Missile Turret  
  84  6:20  Missile Turret  
  84  6:24  Hellion  
  84  6:25  Hellion, Viking x2  
  92  6:33  Supply Depot  
  92  6:35  SCV  
  93  6:49  Orbital Command  
  93  6:54  SCV, Thor  
  100  7:17  Hellion x2  
  100  7:21  Thor, Viking  
  109  7:25  SCV x3, Viking  
  109  7:26  Supply Depot  
  109  7:27  Supply Depot  
  114  7:32  Refinery, Missile Turret  
  114  7:35  Terran Vehicle Weapons Level 1  
  114  7:36  Refinery  
  114  7:37  SCV x3  
  114  7:43  Armory  
  117  7:48  Thor  
  123  7:54  Supply Depot  
  123  8:02  SCV x2  
  123  8:03  SCV  
  130  8:05  Hellion  
  130  8:06  Hellion, Viking  
  132  8:14  SCV  
  132  8:16  Viking  
  132  8:18  Supply Depot  
  135  8:23  Siege Tank  
  138  8:29  SCV x2  
  138  8:33  Hellion, Siege Tank, Supply Depot  
  145  8:35  Supply Depot  
  145  8:42  Hellion, Viking  
  143  8:57  Siege Tank, Hellion  
  143  8:58  Viking  
  146  9:03  Terran Vehicle And Ship Armor Level 2  
  146  9:04  Missile Turret  
  146  9:12  Siege Tank  
  149  9:18  Factory x2  
  149  9:21  Hellion x2  
  153  9:29  Siege Tank  
  153  9:30  Viking x2  
  160  9:41  Command Center  
  154  9:53  Siege Tank, Hellion  
  154  9:54  Hellion  
  161  10:00  Terran Vehicle Weapons Level 2, Supply Depot  
  161  10:02  Hellion x3  
  161  10:06  Factory Tech Lab  
  161  10:10  Siege Tank  
  164  10:17  Hellion x2, Viking  
  164  10:21  Supply Depot  
  170  10:25  Viking  
  160  10:45  Siege Tank  
  160  10:46  Hellion  
  160  10:47  Siege Tank  
  152  10:51  Viking  
  154  10:58  Viking  
  156  11:08  Supply Depot  
  156  11:14  Hellion x2  
  140  11:28  Siege Tank, Viking  
  140  11:29  Siege Tank  
  140  11:34  Siege Tank, Hellion  
  140  11:36  Hellion, Viking  
  128  11:48  Hellion  
  120  11:58  Viking  
  120  12:00  Siege Tank, Hellion  
  123  12:01  Siege Tank  
  123  12:04  SCV x3  
  123  12:06  Siege Tank, Viking  
  132  12:13  Missile Turret  
  132  12:16  SCV x2  
  132  12:17  SCV, Hellion, Factory Reactor  
  137  12:28  Viking  
  139  12:36  SCV  
  140  12:42  Planetary Fortress  
  140  12:52  SCV x2, Supply Depot x2  
  140  12:53  Supply Depot  
  140  13:04  Thor, Viking  
  148  13:09  Refinery  
  148  13:10  Refinery  
  148  13:11  Thor, Terran Vehicle Weapons Level 3  
  148  13:12  SCV x2, Terran Vehicle And Ship Armor Level 3  
  156  13:13  Viking  
  158  13:21  Thor  
  164  13:34  Viking  
  164  13:46  SCV x2  
  164  13:47  SCV, Starport  
  164  13:48  SCV  
  168  13:58  SCV  
  168  13:59  SCV  
  168  14:00  Thor  
  168  14:01  Viking  
  178  14:06  Supply Depot, Thor  
  178  14:09  Supply Depot x2  
  182  14:10  Viking  
  182  14:14  Thor  
  182  14:37  Command Center  
  182  14:38  Viking  
  180  14:39  Starport Tech Lab  
  180  14:46  Thor  
  180  14:48  Viking  
  180  14:49  Thor  
  194  14:58  Raven  
  194  14:59  Corvid Reactor  
  187  15:23  Viking x2  
  187  15:35  Thor x2  
  177  15:50  Viking  
  177  15:51  Thor  
  185  16:00  Viking x2  
  189  16:17  SCV x2  
  191  16:20  Planetary Fortress  
  191  16:31  Refinery  
  191  16:32  Refinery, Missile Turret  
Show
View Real Time Build Order
Export as new Build Order

tso Zerg 

Build Orders: Hatch First, Brood Lord Corruptor, Muta Ling Bane 

Get SALT Encoding   

  12  0:00  Drone  
  13  0:13  Overlord  
  13  0:17  Drone  
  14  0:32  Drone x2  
  16  0:48  Hatchery  
  15  0:51  Drone  
  15  0:56  Drone  
  17  0:59  Drone  
  18  1:10  Extractor  
  17  1:14  Spawning Pool  
  17  1:17  Drone  
  17  1:20  Drone  
  18  1:28  Drone  
  19  1:40  Drone  
  20  1:50  Drone  
  21  2:00  Queen x2  
  25  2:01  Zergling x4  
  27  2:21  Overlord  
  26  2:23  Hatchery  
  26  2:25  Metabolic Boost  
  26  2:29  Drone  
  26  2:32  Drone  
  27  2:39  Drone x2  
  27  2:43  Drone  
  30  2:47  Overlord  
  30  2:49  Drone  
  31  2:56  Drone  
  32  3:03  Queen  
  34  3:06  Drone x2  
  34  3:10  Drone x2  
  34  3:12  Overlord  
  38  3:14  Drone  
  39  3:22  Drone x2  
  41  3:27  Overlord  
  41  3:30  Drone  
  42  3:38  Drone x2  
  42  3:40  Queen  
  46  3:42  Queen  
  46  3:45  Zergling x2  
  46  3:46  Zergling x4  
  51  3:49  Zergling x4  
  51  3:54  Lair  
  53  3:59  Zergling x4  
  53  4:00  Overlord  
  55  4:07  Baneling Nest  
  55  4:08  Drone  
  55  4:09  Drone x2  
  57  4:11  Spore Crawler  
  56  4:19  Overlord, Queen  
  56  4:23  Drone x2  
  60  4:27  Queen  
  60  4:30  Overlord  
  62  4:33  Drone  
  62  4:36  Spore Crawler  
  62  4:38  Spore Crawler  
  61  4:39  Drone  
  62  4:47  Drone x5  
  62  4:51  Overseer  
  67  4:53  Drone x3  
  67  4:59  Overlord  
  70  5:02  Drone x4  
  70  5:05  Baneling x3  
  70  5:06  Overlord, Baneling x2  
  74  5:18  Overlord  
  74  5:19  Drone x6  
  80  5:23  Queen  
  80  5:27  Extractor  
  81  5:29  Extractor, Evolution Chamber  
  81  5:31  Evolution Chamber  
  81  5:32  Extractor  
  81  5:33  Drone, Extractor  
  81  5:34  Drone x3  
  80  5:37  Drone x2  
  82  5:43  Overseer  
  82  5:45  Drone x5  
  82  5:47  Drone  
  88  5:52  Drone  
  89  5:57  Overlord  
  89  6:04  Drone  
  89  6:05  Drone  
  89  6:06  Extractor, Drone  
  92  6:11  Drone  
  92  6:15  Drone  
  93  6:20  Pneumatized Carapace  
  93  6:21  Overlord  
  93  6:22  Hatchery  
  93  6:24  Drone  
  93  6:25  Spire, Zerg Melee Weapons Level 1  
  92  6:27  Drone  
  92  6:30  Roach Warren  
  92  6:31  Zergling x14  
  99  6:36  Overlord  
  99  6:39  Drone x5  
  104  6:43  Centrifical Hooks  
  104  6:45  Zerg Missile Weapons Level 1  
  104  6:48  Overlord  
  104  6:54  Overlord  
  104  6:58  Drone x2  
  104  6:59  Extractor, Drone  
  104  7:00  Extractor, Drone x2  
  104  7:01  Drone x2  
  109  7:03  Drone x2  
  109  7:06  Baneling x8  
  106  7:17  Roach x7  
  106  7:20  Glial Reconstitution  
  106  7:22  Overlord  
  120  7:24  Drone x2  
  122  7:30  Overlord  
  122  7:32  Overlord  
  122  7:37  Drone  
  122  7:38  Drone x3  
  122  7:40  Overlord x2, Infestation Pit  
  125  7:50  Mutalisk x6  
  137  7:53  Mutalisk  
  139  8:00  Roach x4  
  139  8:04  Mutalisk x2  
  151  8:16  Hive  
  151  8:18  Overlord  
  151  8:26  Mutalisk x3  
  157  8:29  Roach x3  
  157  8:33  Hatchery  
  162  8:34  Overlord  
  162  8:39  Drone  
  162  8:40  Drone x2  
  165  8:48  Extractor  
  163  8:51  Extractor  
  163  8:53  Corruptor x5  
  166  9:01  Corruptor  
  166  9:05  Drone x2  
  166  9:06  Drone x4  
  166  9:07  Overlord x2  
  172  9:17  Overlord  
  172  9:20  Overlord  
  172  9:21  Overlord, Corruptor x3  
  178  9:34  Greater Spire  
  178  9:36  Overlord  
  174  9:50  Overlord  
  170  9:59  Zerg Melee Weapons Level 2  
  170  10:00  Zerg Missile Weapons Level 2  
  170  10:03  Overlord  
  170  10:06  Overlord, Corruptor x2  
  170  10:07  Corruptor x4  
  182  10:23  Corruptor  
  182  10:30  Hatchery  
  173  10:49  Corruptor x3  
  164  10:50  Corruptor  
  164  10:54  Brood Lord x6  
  164  10:56  Queen x3  
  179  10:57  Corruptor  
  179  10:58  Corruptor  
  179  11:02  Queen x2  
  189  11:16  Brood Lord x2  
  165  11:27  Corruptor x5  
  163  11:38  Corruptor  
  163  11:39  Corruptor  
  147  11:49  Corruptor x3  
  143  11:59  Corruptor x3  
  143  12:01  Queen x5  
  143  12:08  Brood Lord  
  153  12:14  Corruptor x2  
  157  12:26  Brood Lord x2  
  157  12:28  Brood Lord  
  157  12:41  Zerg Flyer Armor Level 1  
  157  12:45  Drone x3  
  160  12:52  Corruptor x2  
  160  12:53  Corruptor x3  
  170  13:00  Corruptor x2  
  170  13:04  Zergling x22  
  183  13:16  Extractor  
  182  13:20  Extractor  
  182  13:21  Roach x9  
  182  13:24  Brood Lord  
  194  13:35  Spine Crawler  
  194  13:36  Spine Crawler  
  192  13:41  Spine Crawler  
  192  13:42  Spine Crawler  
  190  13:49  Brood Lord x5  
  189  14:16  Spine Crawler  
  188  14:21  Drone x5  
  188  14:22  Spine Crawler, Drone x5  
  193  14:28  Drone x4  
  193  14:29  Drone x3  
  193  14:30  Drone x3  
  193  14:31  Drone  
  195  14:34  Drone  
  195  14:35  Spire  
  195  14:39  Zerg Flyer Armor Level 2  
  195  14:47  Corruptor  
  197  15:02  Hatchery  
  196  15:07  Overlord  
  196  15:16  Viper x2  
  192  15:22  Overlord  
  192  15:23  Roach, Spine Crawler  
  192  15:24  Drone  
  188  15:29  Viper  
  188  15:31  Drone  
  192  15:38  Drone  
  169  16:02  Brood Lord x3  
  173  16:10  Brood Lord  
  175  16:17  Drone x2  
  177  16:20  Drone  
  177  16:21  Drone  
  177  16:25  Drone  
  180  16:30  Drone x3  
  180  16:32  Drone  
Tags
 
Add a new tag
Caveats
  • Supply blocks, unpowered buildings, or Contaminate may cause inaccurate times.
  • Supply counts are checked every 10 seconds.